 Dungeon Sprint DCSS version 0.30-a0-883-g5ad918d77d (webtiles) character file.

Game seed: 15229752371512134925

1809 BigDaddyOpFi the Cleaver (level 9, 0/91 HPs)
             Began as a Hill Orc Fighter on Mar 17, 2023.
             Was a High Priest of Wu Jian.
             Slain by a red devil
             ... wielding a +0 trident
              (7 damage)
             ... in the Dungeon (Sprint VII: "The Pits").
             The game lasted 00:02:23 (1873 turns).

BigDaddyOpFi the Cleaver (Hill Orc Fighter)         Turns: 1873, Time: 00:02:24

Health: 0/91       AC: 24    Str: 23    XL:     9   Next: 10%
Magic:  9/9        EV:  7    Int:  8    God:    Wu Jian [*****.]
Gold:   0          SH:  6    Dex: 10    Spells: 8/8 levels left

rFire   . . .      SeeInvis .    n - +1 broad axe (freeze)
rCold   . . .      Faith    .    c - +0 buckler
rNeg    . . .      Spirit   .    f - +2 plate armour
rPois   .          Reflect  .    (no helmet)
rElec   .          Rampage  .    (no cloak)
rCorr   .          NoTele   +    (no gloves)
Will    .....                    p - +0 pair of boots Stlth
                                 (no amulet)
HPRegen 0.35/turn                b - +3 ring of protection
MPRegen 0.11/turn                l - +3 ring of protection

@: spiked, slowed, very slow
A: no striking features
a: Renounce Religion, Wall Jump, Serpent's Lash, Heavenly Storm


You were in the Dungeon.
You worshipped Wu Jian.
Wu Jian was extremely pleased with you.
You visited 1 branch

Inventory:

Hand Weapons
 n - a +1 broad axe of freezing (weapon)
Armour
 c - a +0 buckler (worn)
 f - a +2 plate armour (worn)
 p - a +0 pair of boots (worn)
Jewellery
 b - a +3 ring of protection (left hand)
 l - a +3 ring of protection (right hand)
Potions
 d - 6 potions of heal wounds
 e - 5 potions of curing
 g - 3 potions of haste
 h - 4 potions of magic
 i - 2 potions of berserk rage
 k - 2 potions of invisibility
 m - 2 potions of brilliance


   Skills:
 + Level 12.4 Fighting
 + Level 13.1 Axes
 + Level 11.4 Armour
 + Level 11.4 Shields


You had 8 spell levels left.
You didn't know any spells.
Your spell library was empty.

Dungeon Overview and Level Annotations

Branches:
Dungeon (1/1)

Altars:
Ashenzari
Cheibriados
Dithmenos
Elyvilon
Fedhas
Gozag
Hepliaklqana
Kikubaaqudgha
Makhleb
Nemelex Xobeh
Okawaru
Qazlal
Ru
Sif Muna
Trog
Uskayaw
Vehumet
Wu Jian
Xom
Yredelemnul
Zin
The Shining One
Beogh
Jiyva
Lugonu


Message History

The ten-headed hydra closely misses you.
You feel much better.
The red devil hits you from afar with a +0 trident!
Barbed spikes become lodged in your body.
The freezing wraith hits you! The freezing wraith freezes you!
The freezing wraith hits you.
The ten-headed hydra bites you but does no damage.
You block the ten-headed hydra's attack. x2
The ten-headed hydra bites you.
* * * LOW HITPOINT WARNING * * *
The ten-headed hydra bites you!
* * * LOW HITPOINT WARNING * * *
The ten-headed hydra closely misses you.
The ten-headed hydra barely misses you.
The ten-headed hydra bites you but does no damage.
The ten-headed hydra barely misses you.
The ten-headed hydra bites you but does no damage.
The freezing wraith hits you but does no damage. x2
The red devil hits you but does no damage.
You lop one of the ten-headed hydra's heads off!
The nine-headed hydra grows two more!
You slash the 11-headed hydra!
The 11-headed hydra seems to slow down.
You freeze the 11-headed hydra.
The 11-headed hydra is moderately wounded.
You slash the freezing wraith! You block the 11-headed hydra's attack.
The 11-headed hydra bites you but does no damage.
The 11-headed hydra bites you.
* * * LOW HITPOINT WARNING * * *
You block the 11-headed hydra's attack. The 11-headed hydra barely misses you.
The 11-headed hydra bites you but does no damage.
The 11-headed hydra bites you.
* * * LOW HITPOINT WARNING * * *
The 11-headed hydra bites you but does no damage.
The 11-headed hydra bites you.
* * * LOW HITPOINT WARNING * * *
The 11-headed hydra bites you but does no damage.
The 11-headed hydra bites you.
* * * LOW HITPOINT WARNING * * *
The freezing wraith hits you but does no damage. x2
The red devil hits you from afar with a +0 trident!
You die...

##'#####'#####''######
...##.......##''#####
...##.......##......#
'####.......##......#
...##...<...###....##
...##.......# ##''##
...##.......###○☼☼○##
#####.......##○○○○○.#
#..###########§☼@○○.+
#.############☼○DW§.#
#.#....#..[.###4☼§☼##
#†#....#..[.# ##○§##
#.'....'..).# ☼4☼☼#
#†#....#..)[# ......#
')#....#..))##......#
#####################


You could see a 11-headed hydra (slow), a freezing wraith and a red devil.

Vanquished Creatures
  An orange demon (D)
  Grinder (D)
  A dream sheep (D)
  A spriggan (D)
  A fire bat (D)
  4 vampire mosquitoes (D)
  A water moccasin (D)
  Blork the orc (D)
  2 scorpions (D)
  A crimson imp (D)
  An adder (D)
  An orc (D)
  A bat skeleton (D)
  2 endoplasms (D)
  A giant cockroach (D)
  4 jackals (D)
  2 quokkas (D)
  A ball python skeleton (D)
  3 frilled lizards (D)
  2 kobolds (D)
  A quokka zombie (D)
33 creatures vanquished.

Notes
Turn   | Place    | Note
-------+----------+-------------------------------------------
     0 | D        | BigDaddyOpFi the Hill Orc Fighter began the quest for the
                  | Orb.
     0 | D        | Reached XP level 1. HP: 19/19 MP: 1/1
    16 | D        | Reached skill level 3 in Axes
    19 | D        | Found a bloodstained altar of Trog.
    19 | D        | Found a shimmering blue altar of Sif Muna.
    19 | D        | Found a viscous altar of Jiyva.
    19 | D        | Found a hazy altar of Hepliaklqana.
    19 | D        | Found an opulent altar of Gozag.
    20 | D        | Found a glowing golden altar of the Shining One.
    20 | D        | Found a glowing silver altar of Zin.
    20 | D        | Found a basalt altar of Yredelemnul.
    20 | D        | Found a shimmering altar of Xom.
    20 | D        | Found an ornate altar of the Wu Jian Council.
    20 | D        | Found a sacrificial altar of Ru.
    20 | D        | Found a stormy altar of Qazlal.
    20 | D        | Found an iron altar of Okawaru.
    20 | D        | Found a sparkling altar of Nemelex Xobeh.
    20 | D        | Found a burning altar of Makhleb.
    20 | D        | Found a blossoming altar of Fedhas.
    20 | D        | Found a white marble altar of Elyvilon.
    20 | D        | Found a shadowy altar of Dithmenos.
    20 | D        | Found a snail-covered altar of Cheibriados.
    21 | D        | Found a radiant altar of Vehumet.
    21 | D        | Found a corrupted altar of Lugonu.
    21 | D        | Found a roughly hewn altar of Beogh.
    22 | D        | Found a hide-covered altar of Uskayaw.
    22 | D        | Found an ancient bone altar of Kikubaaqudgha.
    22 | D        | Found a broken altar of Ashenzari.
    31 | D        | Became a worshipper of the Wu Jian Council
    59 | D        | Noticed a scorpion
    67 | D        | Killed a scorpion
    68 | D        | Reached skill level 5 in Fighting
    68 | D        | Reached skill level 5 in Axes
    68 | D        | Reached skill level 5 in Armour
    68 | D        | Reached skill level 5 in Shields
    68 | D        | Reached XP level 2. HP: 17/30 MP: 2/2
    68 | D        | Reached XP level 3. HP: 21/37 MP: 3/3
    68 | D        | Reached XP level 4. HP: 26/44 MP: 4/4
   279 | D        | Reached * piety under Wu Jian
   289 | D        | Reached ** piety under Wu Jian
   296 | D        | Noticed a fire bat
   312 | D        | Killed a fire bat
   312 | D        | Reached *** piety under Wu Jian
   313 | D        | Reached skill level 8 in Axes
   313 | D        | Reached XP level 5. HP: 21/53 MP: 5/5
   640 | D        | Reached XP level 6. HP: 62/62 MP: 6/6
   647 | D        | Noticed a water moccasin
   654 | D        | Killed a water moccasin
   654 | D        | Reached **** piety under Wu Jian
   655 | D        | Reached skill level 9 in Axes
   923 | D        | Noticed Blork the orc
   927 | D        | Killed Blork the orc
   928 | D        | Reached XP level 7. HP: 54/70 MP: 7/7
  1139 | D        | Noticed a dream sheep
  1147 | D        | Killed a dream sheep
  1147 | D        | Reached ***** piety under Wu Jian
  1148 | D        | Reached skill level 10 in Fighting
  1148 | D        | Reached skill level 10 in Axes
  1234 | D        | Noticed Grinder
  1253 | D        | Paralysed by Grinder for 3 turns
  1259 | D        | Killed Grinder
  1260 | D        | Reached skill level 11 in Axes
  1260 | D        | Reached skill level 10 in Armour
  1260 | D        | Reached skill level 10 in Shields
  1260 | D        | Reached XP level 8. HP: 81/81 MP: 8/8
  1411 | D        | Noticed an orange demon
  1421 | D        | Reached skill level 12 in Axes
  1430 | D        | Killed an orange demon
  1431 | D        | Reached XP level 9. HP: 21/90 MP: 9/9
  1845 | D        | Reached skill level 13 in Axes
  1858 | D        | Noticed a freezing wraith
  1858 | D        | Noticed a red devil
  1858 | D        | Noticed a four-headed hydra
  1873 | D        | Slain by a red devil

Illustrated notes

Levels and vault maps discovered:
D:        pitsprint [storerooms_1, entrance_room_1, metal_vault_2, armoury_3,
          mini_pit_1, grid_room_1, main_hall_1, silver_pit, the_coven_3,
          the_vestibule_1, steel_vault_1, golden_pit, hallway_of_sentries,
          crystal_vault_3, iron_vault_1, final_vault]

Skill      XL: |  1  2  3  4  5  6  7  8  9 |
---------------+----------------------------+-----
Axes           | 5 8 9 11 12 13 | 13.1
Fighting       | 5 7 8 9 10 12 | 12.4
Armour         | 5 7 8 10 11 | 11.4
Shields        | 5 7 8 10 11 | 11.4

Action                     |  1- 3 |  4- 6 |  7- 9 || total
---------------------------+-------+-------+-------++-------
  Melee: War axe           |    13 |    55 |    42 ||   110
         Broad axe         |       |       |    23 ||    23
 Invoke: Heavenly Storm    |       |       |     2 ||     2
Ability: Whirlwind         |       |     5 |     9 ||    14
         Lunge             |       |       |     3 ||     3
    Use: Potion            |       |     4 |     7 ||    11
         Scroll            |       |       |     1 ||     1
 Armour: Scale mail        |     7 |    28 |       ||    35
         Plate armour      |       |    11 |   111 ||   122
  Dodge: Dodged            |     5 |    33 |    56 ||    94
  Block: Buckler           |     2 |    15 |    49 ||    66

Table legend: (Time is in decaauts)
 A = Elapsed time spent in this place.
 B = Non-inter-level travel time spent in this place.
 C = Inter-level travel time spent in this place.
 D = Time resting spent in this place.
 E = Time spent auto-exploring this place.
 F = Levels seen in this place.
 G = Mean time per level.
                   A        B        C        D        E       F      G
               +--------+--------+--------+--------+--------+-----+--------+
         Total |   1908 |   1839 |     69 |   1456 |      0 |   1 | 1908.0 |
       Dungeon |   1908 |   1839 |     69 |   1456 |      0 |   1 | 1908.0 |
               +--------+--------+--------+--------+--------+-----+--------+

Top non-repeatable levels by time:
       D: 1908 daAuts
